 Dungeon Crawl Stone Soup version 0.32-a0-861-g165e151e72 (webtiles) character file.

Game seed: 18253789600711611217

137304 GeoRichter the Warrior (level 16, -8/155 HPs)
             Began as a Mountain Dwarf Reaver on Mar 28, 2024.
             Was a High Priest of Okawaru.
             Mangled by a tarantella (13 damage)
             ... on level 3 of the Spider Nest.
             The game lasted 00:59:19 (25332 turns).

GeoRichter the Warrior (Mountain Dwarf Reaver)     Turns: 25332, Time: 00:59:19

Health: -8/155     AC: 31    Str: 20    XL:     16   Next: 68%
Magic:  26/26      EV: 12    Int: 24    God:    Okawaru [*****.]
Gold:   2949       SH: 15    Dex: 13    Spells: 18/18 levels left

rFire   + + +        V - +2 eveningstar (heavy)
rCold   + . .        g - +2 kite shield
rNeg    . . .        Z - +14 chain mail of Satisfaction {Dex+5}
rPois   +            i - +0 helmet {Int+3}
rElec   +            a - scarf of the Wereyak {rC+ rF+, Will+ Int+7}
rCorr   .            X - +2 pair of gloves
SInv    .            (no boots)
Will    +++..        p - amulet of regeneration Stlth
                     h - ring of Ywudihij {rElec rPois rF++ EV+5 Str-3}
HPRegen 1.25/turn    l - ring of willpower
MPRegen 0.20/turn

%: no passive effects
@: slowed, very slow
A: runic magic, artefact enchanting
a: Renounce Religion, Heroism, Finesse, Duel


You were on level 3 of the Spider Nest.
You worshipped Okawaru.
Okawaru was extremely pleased with you.
You visited 5 branches of the dungeon, and saw 26 of its levels.
You also visited: Bailey.

You collected 3430 gold pieces.
You spent 481 gold pieces at shops.

Inventory:

Hand Weapons
 O - a +0 demon whip of venom
   (You took it off Amaemon on level 1 of the Lair of Beasts)
 V - a +2 heavy eveningstar (weapon)
   (Okawaru gifted it to you on level 5 of the Lair of Beasts)
Missiles
 t - 9 silver javelins
 B - a throwing net {!f}
 N - 5 curare-tipped darts {!f}
 S - 9 javelins (quivered)
Armour
 a - the scarf of the Wereyak (worn) {rC+ rF+, Will+ Int+7}
   (Okawaru gifted it to you on level 9 of the Dungeon)

   Int+7:     It affects your intelligence (+7).
   Will+:     It increases your willpower.
 g - a +2 kite shield (worn)
   (You took it off a gnoll sergeant on level 6 of the Dungeon)
 i - a +0 helmet of intelligence (worn)
   (You took it off Robin on level 1 of the Dungeon)
 X - a +2 pair of gloves (worn)
   (You found it on level 10 of the Dungeon)
 Z - the +14 chain mail of Satisfaction (worn) {Dex+5}
   (You bought it in a shop on level 12 of the Dungeon)

   Dex+5:     It affects your dexterity (+5).
Jewellery
 h - the ring of Ywudihij (left hand) {rElec rPois rF++ EV+5 Str-3}
   (You acquired it in a bailey)

   [ring of evasion]

   EV+5:      It affects your evasion (+5).
   Str-3:     It affects your strength (-3).
   rF++:      It greatly protects you from fire.
   rElec:     It insulates you from electricity.
   rPois:     It protects you from poison.
 l - a ring of willpower (right hand)
   (You found it on level 10 of the Dungeon)
 o - a ring of flight
   (You found it on level 3 of the Dungeon)
 p - an amulet of regeneration (around neck)
   (You found it on level 4 of the Dungeon)
 z - a ring of see invisible
   (You found it on level 6 of the Dungeon)
 H - the amulet of the Duke {Acrobat rC+ Str+3 Slay+2}
   (You acquired it on level 13 of the Dungeon)

   [amulet of the acrobat]

   Acrobat:   It increases your evasion while moving and waiting.
   Str+3:     It affects your strength (+3).
   Slay+2:    It affects your accuracy & damage with ranged weapons and melee
   (+2).
   rC+:       It protects you from cold.
 R - a ring of resist corrosion
   (You found it on level 10 of the Dungeon)
Wands
 j - a wand of polymorph (33)
   (You took it off Robin on level 1 of the Dungeon)
 s - a wand of iceblast (26)
   (You found it on level 5 of the Dungeon)
 w - a wand of mindburst (4)
   (You found it on level 3 of the Spider Nest)
 A - a wand of flame (55)
   (You took it off Sigmund on level 2 of the Dungeon)
 M - a wand of paralysis (12)
   (You took it off Sonja on level 1 of the Lair of Beasts)
 U - a wand of acid (9)
   (You found it on level 3 of the Dungeon)
Scrolls
 b - 8 scrolls of teleportation {@r4}
 c - 3 scrolls of revelation
 d - 4 scrolls of summoning
 f - 2 scrolls of blinking
 n - 5 scrolls of poison {!r}
 q - 3 scrolls of noise {!r}
 u - 5 scrolls of immolation {!r}
 y - 6 scrolls of fog
 C - a scroll of torment {!r}
 D - a scroll of enchant armour
 I - 4 scrolls of vulnerability {!r}
 P - a scroll of amnesia
 Q - 3 scrolls of enchant weapon
 T - 4 scrolls of fear
Potions
 e - 3 potions of brilliance
 k - 7 potions of curing {@q1}
 m - 2 potions of lignification {!q}
 r - 2 potions of attraction {!q}
 v - 5 potions of mutation {!q}
 x - 3 potions of heal wounds {@q2}
 E - 2 potions of invisibility
 F - a potion of ambrosia
 G - 3 potions of enlightenment
 J - 3 potions of might
 K - a potion of berserk rage
 L - 3 potions of haste {@q3}
 Y - a potion of resistance {unknown}
Miscellaneous
 W - a phial of floods
   (You found it on level 5 of the Lair of Beasts)


   Skills:
 + Level 17.0 Fighting
 - Level 16.0 Maces & Flails
 - Level 5.4 Throwing
 + Level 11.0 Armour
 - Level 1.3 Dodging
 + Level 16.9 Shields
 - Level 1.7 Spellcasting
 - Level 2.6 Conjurations
 - Level 14.0 Invocations
 * Level 7.7 Evocations


You had 18 spell levels left.
You didn't know any spells.
Your spell library contained the following spells:

 Spells                   Type           Power      Damage    Failure   Level
 Magic Dart               Conj           60%        1d6       9%          1
 Kiss of Death            Conj/Necr      32%        2d7       16%         1
 Momentum Strike          Conj/Tloc      16%        3d8       24%         2
 Sandblast                Erth           4%         2d4       26%         1
 Blink                    Tloc           4%         N/A       38%         2
 Hailstorm                Conj/Ice       8%         3d5       43%         3
 Stone Arrow              Conj/Erth      16%        3d8       43%         3
 Fugue of the Fallen      Necr           2%         N/A       63%         3
 Inner Flame              Hex/Fire       2%         N/A       63%         3
 Ozocubu's Armour         Ice            2%         N/A       63%         3
 Volatile Blastmotes      Fire/Tloc      4%         2d10      63%         3
 Brom's Barrelling Bould  Conj/Erth      8%         2d3       83%         4
 Flame Wave               Conj/Fire      8%         2d5       83%         4
 Fulminant Prism          Conj/Alch      4%         3d5       83%         4
 Iskenderun's Mystic Bla Conj/Tloc 8%             2d4        (+2d1     83%         4
 Sticky Flame             Fire/Alch      2%         2d4       95%         4
 Manifold Assault         Tloc           1%         N/A       100%        7
 Borgnjor's Revivificati  Necr           1%         N/A       100%        8
 Lehudib's Crystal Spear  Conj/Erth      4%         10d3      100%        8
 Death's Door             Necr           1%         N/A       100%        9
 Call Imp                 Summ           Unusable   N/A       N/A         2
 Animate Armour           Summ/Erth      Unusable   N/A       N/A         4
 Haunt                    Necr/Summ      Unusable   N/A       N/A         7

Dungeon Overview and Level Annotations

Branches:
Dungeon (15/15) Zot: 25500  Temple (1/1) D:6 Zot: 5969    Lair (5/5) D:9 Zot: 23016
  Swamp (0/4) Lair:2       Spider (3/4) Lair:2 Zot: 16279   Slime (0/5) Lair:4
    Orc (2/2) D:12 Zot: 10417     Elf (0/3) Orc:2        Vaults (0/5) D:13
 Depths (0/4) D:15         Bailey (visited)

Altars:
Ashenzari
Cheibriados
Dithmenos
Elyvilon
Fedhas
Gozag
Hepliaklqana
Kikubaaqudgha
Makhleb
Nemelex Xobeh
Okawaru
Qazlal
Ru
Sif Muna
Trog
Uskayaw
Vehumet
Wu Jian
Xom
Yredelemnul
Zin
The Shining One
Beogh
Jiyva

Shops:
D:8 :   D:12 *   Orc:2 [(:*

Portals:
Trove: D:11 (give +2 gold dragon scales)

Annotations:
D:10 4 transporters
D:14 Roxanne
Temple 2 transporters
Lair:4 exclusion: 2 oklob plants
Lair:5 exclusion: obsidian statue
Spider:3 Louise


Innate Abilities, Weirdness & Mutations

Your spellcasting is much less encumbered by armour.
You can use scrolls of enchantment on lesser artefacts.


Message History

The demonic crawler hits you but does no damage.
The tarantella touches you but does no damage.
You bludgeon the tarantella!!
The tarantella is almost dead.
You block the culicivora's attack. The tarantella touches you.
You block the demonic crawler's attack. x2
The demonic crawler closely misses you. The culicivora barely misses you.
The tarantella touches you!
You are afflicted by dizzying energies!
You are confused.
The demonic crawler hits you but does no damage.
The demonic crawler barely misses you.
The demonic crawler hits you but does no damage.
The culicivora bites you!
* * * LOW HITPOINT WARNING * * *
The culicivora draws strength from your injuries!
The tarantella touches you but does no damage.
You feel better. The demonic crawler closely misses you.
The demonic crawler hits you but does no damage. x2
You block the culicivora's attack. You block the tarantella's attack.
You block the demonic crawler's attack. The demonic crawler closely misses you.
The demonic crawler hits you but does no damage.
The culicivora closely misses you. The tarantella closely misses you.
A torpor snail comes into view.
Being near the torpor snail leaves you feeling lethargic.
You closely miss the tarantella.
The tarantella is almost dead.
You block the culicivora's attack. The demonic crawler hits you!
* * * LOW HITPOINT WARNING * * *
The demonic crawler hits you!!
* * * LOW HITPOINT WARNING * * *
You block the demonic crawler's attack. You block the tarantella's attack.
The culicivora misses you. The demonic crawler barely misses you.
The demonic crawler hits you but does no damage. x2
The tarantella misses you.
The culicivora bites you but does no damage.
The moth of wrath barely misses you. The demonic crawler hits you!
* * * LOW HITPOINT WARNING * * *
The demonic crawler hits you.
* * * LOW HITPOINT WARNING * * *
The demonic crawler hits you but does no damage.
The tarantella barely misses you.
The culicivora bites you but does no damage.
The moth of wrath bites you.
* * * LOW HITPOINT WARNING * * *
The demonic crawler hits you!
* * * LOW HITPOINT WARNING * * *
The demonic crawler barely misses you. The demonic crawler hits you!!
* * * LOW HITPOINT WARNING * * *
The tarantella touches you!
You die...

#..#......^. #....^.##.#.
#.^.....#.. ##...###
##...... ... #....#.###
#...... ..#. #^.......##
#..... ..... ##....>...#
##....##..... ##....####
#....s....... #.^^.##
#####......^#
###...#######.@s#....#.#
##...##..##.yss.....^^###
#.......).............#<#
###..#.........#.....^#.#
#...............#..^#.#
##.....^#.....^.^^..#.#
#..##...####.w.#....#.#
#..####### .........#.#
### ...#...^.##.#


You could see a torpor snail, a demonic crawler (berserk), a moth of wrath, a
culicivora (berserk, soul bound) and a tarantella (berserk, soul bound).

Vanquished Creatures
  Arachne (Spider:1)
  Agnes (Arena)
  An orc warlord (Orc:1)
  Nessos (Lair:3)
  4 dire elephants
  A fire dragon (D:15)
  5 vault guards
  3 hydras
  An ice dragon (D:15)
  A ghost crab (Lair:2)
  Erica (Lair:1)
  An ogre mage (Orc:1)
  A death knight (D:14)
  6 two-headed ogres (Orc:1)
  6 boulder beetles
  2 centaur warriors (D:14)
  2 tengu warriors (D:14)
  3 orc high priests
  6 death yaks
  4 demonic crawlers
  An occultist (D:15)
  Sonja (Lair:1)
  Amaemon (Lair:1)
  2 spectral death yaks (Lair:5)
  4 pharaoh ants
  Lodul (D:10)
  A skeletal warrior (D:14)
  3 arcanists
  A spectral anaconda (Lair:5)
  A skyshark (Lair:2)
  3 orb spiders
  10 slime creatures
  4 wolf spider zombies (Spider:3)
  2 deep elf pyromancers
  5 wolf spiders
  8 orc knights
  5 necromancers
  2 obsidian bats (Orc:1)
  3 orc sorcerers (Orc:2)
  8 ugly things
  5 cyclopes
  A moth of wrath (Spider:1)
  6 meliai
  5 manticores
  27 elephants
  7 black mambas
  Maggie (Lair:1)
  2 molten gargoyles (Lair:4)
  A torpor snail (Lair:1)
  An unseen horror (D:12)
  14 cane toads
  3 gargoyles
  2 rime drakes (Lair:4)
  9 komodo dragons
  7 redback zombies (Spider:3)
  An orange demon (Lair:1)
  A kobold demonologist (D:6)
  Psyche (D:9)
  2 freezing wraiths (D:14)
  7 trolls
  5 tarantellas
  7 tarantella zombies (Spider:3)
  5 culicivora zombies (Spider:3)
  23 blink frogs
  A spectral elephant (Lair:5)
  7 wraiths
  12 jumping spiders
  2 culicivoras (Spider:1)
  Sigmund (D:2)
  A dire elephant simulacrum (Lair:5)
  77 yaks
  4 basilisks
  2 wargs
  3 wyverns
  A basilisk (shapeshifter) (D:13)
  18 redbacks
  8 humans (D:13)
  A spectral cane toad (Lair:5)
  17 vampire mosquitoes
  12 water moccasins
  An acid dragon (D:11)
  A spectral blink frog (Lair:2)
  54 orc warriors
  A hornet zombie (D:5)
  5 ice beasts
  A spectral torpor snail (Lair:2)
  A black bear (D:7)
  An elephant zombie (Lair:5)
  2 laughing skulls (D:14)
  9 wolves (Lair:4)
  31 ogres
  3 centaurs
  A spectral rime drake (Lair:2)
  3 elephant skeletons (Lair:5)
  A spectral basilisk (Lair:2)
  A phantom (D:6)
  A spectral water moccasin (Lair:2)
  4 kobold brigands
  4 gnoll sergeants
  19 bullfrogs
  A cane toad simulacrum (Lair:5)
  3 scorpions
  A water moccasin zombie (D:5)
  8 wights
  3 killer bees (D:10)
  2 spectral wolves (Lair:2)
  5 howler monkeys
  13 electric eels
  5 lava snakes (Lair:4)
  A bombardier beetle (D:5)
  A bullfrog zombie (D:5)
  3 quasits (D:8)
  3 hounds (D:5)
  Crazy Yiuf (D:2)
  15 orc priests
  A jelly (D:6)
  A sleepcap (D:5)
  5 iguanas
  A scorpion zombie (D:5)
  26 orc wizards
  An ogre zombie (Orc:1)
  A hound zombie (D:5)
  Robin (D:1)
  24 gnolls
  3 adders
  7 river rats (D:5)
  2 shadow imps
  6 white imps
  5 ufetubi (D:8)
  An adder zombie (D:5)
  2 dart slugs
  112 orcs
  5 bats
  4 endoplasms
  3 giant cockroaches
  16 goblins
  14 hobgoblins
  4 jackals (D:2)
  9 quokkas
  10 ball pythons
  2 frilled lizards
  14 kobolds
  21 rats
937 creatures vanquished.

Notes
Turn   | Place    | Note
-------+----------+-------------------------------------------
     0 | D:1      | GeoRichter the Mountain Dwarf Reaver began the quest for
                  | the Orb.
     0 | D:1      | Reached XP level 1. HP: 17/17 MP: 3/3
   207 | D:1      | Reached XP level 2. HP: 25/25 MP: 4/4
   900 | D:1      | Reached XP level 3. HP: 22/30 MP: 5/5
   940 | D:1      | Reached skill level 3 in Fighting
   943 | D:2      | Noticed Robin
  1073 | D:1      | Killed Robin
  1074 | D:1      | Reached skill level 5 in Maces & Flails
  1269 | D:2      | Noticed Sigmund
  1362 | D:2      | Reached XP level 4. HP: 38/38 MP: 6/6
  1556 | D:2      | Found a runed translucent door.
  1557 | D:2      | Noticed Crazy Yiuf
  1875 | D:3      | Found a faded altar of an unknown god.
  1962 | D:3      | Reached XP level 5. HP: 34/46 MP: 7/7
  2616 | D:4      | Found an ancient bone altar of Kikubaaqudgha.
  2672 | D:4      | Reached skill level 4 in Fighting
  3012 | D:4      | Found a white marble altar of Elyvilon.
  3020 | D:4      | Became a worshipper of Elyvilon the Healer
  3025 | D:4      | Found a blossoming altar of Fedhas.
  3341 | D:5      | Entered Level 5 of the Dungeon
  3362 | D:5      | Reached XP level 6. HP: 17/53 MP: 8/8
  3470 | D:5      | Noticed a water moccasin
  3621 | D:4      | Killed a water moccasin
  3705 | D:4      | Reached skill level 5 in Fighting
  3893 | D:5      | Reached skill level 1 in Evocations
  3893 | D:5      | Reached XP level 7. HP: 57/61 MP: 9/9
  3897 | D:5      | Found a basalt altar of Yredelemnul.
  4115 | D:5      | Identified the +7 falchion of Amortisation {drain, rElec
                  | Int+7 SInv}
  4119 | D:5      | Reached * piety under Elyvilon
  4221 | D:5      | Found a stormy altar of Qazlal.
  4468 | D:5      | Reached XP level 8. HP: 70/70 MP: 10/10
  4478 | D:5      | Reached skill level 6 in Fighting
  4741 | D:5      | Reached skill level 10 in Maces & Flails
  4839 | D:6      | Found a broken altar of Ashenzari.
  4875 | D:6      | Found a staircase to the Ecumenical Temple.
  4898 | Temple   | Found a transporter.
  4898 | Temple   | Found a transporter.
  4898 | Temple   | Found a transporter.
  4898 | Temple   | Found a transporter.
  4898 | Temple   | Entered the Ecumenical Temple
  4915 | Temple   | Fell from the grace of Elyvilon
  4915 | Temple   | Became a worshipper of Warmaster Okawaru
  5122 | D:6      | Reached skill level 1 in Invocations
  5419 | D:6      | Reached skill level 7 in Fighting
  5444 | D:6      | Reached XP level 9. HP: 63/79 MP: 11/11
  5594 | D:6      | Noticed a troll
  5602 | D:6      | Noticed a kobold demonologist
  5612 | D:6      | Killed a kobold demonologist
  5612 | D:6      | Reached * piety under Okawaru
  5626 | D:6      | Killed a troll
  5846 | D:2      | Killed Sigmund
  6121 | D:2      | Killed Crazy Yiuf
  6235 | D:6      | Reached skill level 5 in Invocations
  6302 | D:7      | Reached skill level 8 in Fighting
  6395 | D:7      | Reached ** piety under Okawaru
  6584 | D:7      | Reached XP level 10. HP: 84/90 MP: 14/14
  6979 | D:8      | Found Nirulo's Book Boutique.
  7048 | D:8      | Reached skill level 9 in Fighting
  7300 | D:8      | Found a flagged portal.
  7356 | Bailey   | Entered a bailey
  7442 | Bailey   | Reached *** piety under Okawaru
  7904 | Bailey   | Acquired the ring of Ywudihij {rElec rPois rF++ EV+5 Str-3}
  7939 | Bailey   | Found an iron altar of Okawaru.
  7939 | Bailey   | Noticed an orc high priest
  7960 | Bailey   | Reached skill level 10 in Fighting
  7985 | Bailey   | Noticed a sun demon
  8478 | D:9      | Reached **** piety under Okawaru
  8578 | D:9      | Noticed Psyche
  8636 | D:9      | Killed Psyche
  8652 | D:9      | Reached skill level 1 in Shields
  8652 | D:9      | Reached XP level 11. HP: 70/101 MP: 17/17
  8742 | D:9      | Found a sparkling altar of Nemelex Xobeh.
  8742 | D:9      | Found a shadowy altar of Dithmenos.
  8750 | D:9      | Found a faded altar of an unknown god.
  8752 | D:9      | Found a faded altar of an unknown god.
  8754 | D:9      | Found a hazy altar of Hepliaklqana.
  8931 | D:9      | Noticed a deep elf pyromancer
  8950 | D:9      | Killed a deep elf pyromancer
  9009 | D:9      | Noticed a death yak
  9030 | D:9      | Reached skill level 11 in Fighting
  9034 | D:9      | Killed a death yak
  9034 | D:9      | Reached ***** piety under Okawaru
  9035 | D:9      | Reached skill level 15 in Maces & Flails
  9136 | D:9      | Found a staircase to the Lair.
  9451 | Lair:1   | Entered Level 1 of the Lair of Beasts
  9473 | Lair:1   | Noticed Maggie
  9490 | Lair:1   | Killed Maggie
  9596 | Lair:1   | Received a gift from Okawaru
  9609 | Lair:1   | Noticed a death yak
  9612 | Lair:1   | Noticed Amaemon
  9629 | Lair:1   | Reached skill level 12 in Fighting
  9653 | Lair:1   | Reached skill level 1 in Armour
  9699 | Lair:1   | Noticed Erica
  9714 | Lair:1   | Killed Erica
  9715 | Lair:1   | Reached skill level 5 in Shields
  9899 | Lair:1   | Reached XP level 12. HP: 113/113 MP: 18/18
  9900 | Lair:1   | Noticed Sonja
  9902 | Lair:1   | Killed Sonja
  9902 | Lair:1   | Received a gift from Okawaru
 10070 | Lair:1   | Reached skill level 13 in Fighting
 10134 | Lair:1   | Killed Amaemon
 10243 | Lair:1   | Killed a death yak
 10512 | Lair:1   | Received a gift from Okawaru
 10834 | Lair:2   | Reached skill level 5 in Armour
 10908 | Lair:2   | Received a gift from Okawaru
 11039 | Lair:2   | Found a staircase to the Swamp.
 11039 | Lair:2   | Noticed a ghost crab
 11304 | Lair:2   | Killed a ghost crab
 11412 | Lair:2   | Found a hole to the Spider Nest.
 11632 | Lair:2   | Noticed a five-headed hydra
 11643 | Lair:2   | Killed a five-headed hydra
 11983 | Lair:3   | Noticed a five-headed hydra
 11992 | Lair:3   | Killed a five-headed hydra
 11992 | Lair:3   | Received a gift from Okawaru
 11993 | Lair:3   | Reached XP level 13. HP: 110/123 MP: 16/19
 12000 | Lair:3   | Reached skill level 14 in Fighting
 12104 | Lair:3   | Noticed Nessos
 12144 | Lair:3   | Killed Nessos
 12423 | Lair:3   | Reached skill level 10 in Shields
 13305 | Lair:4   | Received a gift from Okawaru
 13459 | Lair:4   | Found a viscous altar of Jiyva.
 13543 | Lair:4   | Found a staircase to the Slime Pits.
 13734 | Lair:4   | Noticed a dire elephant
 13755 | Lair:4   | Killed a dire elephant
 14073 | Lair:4   | Received a gift from Okawaru
 14533 | Lair:5   | Entered Level 5 of the Lair of Beasts
 14686 | Lair:5   | Reached skill level 15 in Fighting
 14877 | Lair:5   | Reached XP level 14. HP: 134/135 MP: 20/20
 14917 | Lair:5   | Reached ****** piety under Okawaru
 14926 | Lair:5   | Acquired a +1 heavy eveningstar
 14926 | Lair:5   | Received a gift from Okawaru
 15276 | Lair:5   | Received a gift from Okawaru
 15787 | Lair:5   | Reached skill level 10 in Invocations
 15981 | Lair:5   | Received a gift from Okawaru
 16273 | Lair:5   | Reached skill level 10 in Armour
 16349 | Lair:5   | Identified the +6 war axe "Eviscerator" {drain, rPois rF++}
 16481 | D:9      | Acquired the scarf of the Wereyak {rC+ rF+, Will+ Int+7}
 16481 | D:9      | Received a gift from Okawaru
 16514 | D:10     | Entered Level 10 of the Dungeon
 16630 | D:10     | Noticed Lodul
 16646 | D:10     | Killed Lodul
 16739 | D:10     | Found a transporter.
 16743 | D:10     | Found a transporter.
 16761 | D:10     | Found a transporter.
 17237 | D:10     | Reached skill level 16 in Fighting
 17248 | D:10     | Found a transporter.
 17469 | D:11     | Found a portal to a secret trove of treasure.
 17640 | D:11     | Found a shimmering altar of Xom.
 17640 | D:11     | Found a shimmering altar of Xom.
 17839 | D:11     | Found a shimmering altar of Xom.
 17840 | D:11     | Found a shimmering altar of Xom.
 17841 | D:11     | Found a shimmering altar of Xom.
 17953 | D:11     | Found a shimmering altar of Xom.
 18096 | D:12     | Found Regi Sub's Assorted Antiques.
 18101 | D:12     | Bought a pitted chain mail for 199 gold pieces
 18101 | D:12     | Identified the +14 chain mail of Satisfaction {Dex+5} (You
                  | bought it in a shop on level 12 of the Dungeon)
 18101 | D:12     | Bought a potion of mutation for 168 gold pieces
 18270 | D:12     | Received a gift from Okawaru
 18333 | D:12     | Found a staircase to the Orcish Mines.
 18681 | D:12     | You fall into a shaft and drop 1 floor!
 19017 | Orc:1    | Entered Level 1 of the Orcish Mines
 19174 | Orc:1    | Reached XP level 15. HP: 136/144 MP: 25/25
 19307 | Orc:1    | Found a roughly hewn altar of Beogh.
 19636 | Orc:1    | Received a gift from Okawaru
 19637 | Orc:1    | Reached skill level 1 in Throwing
 19796 | Orc:2    | Entered Level 2 of the Orcish Mines
 19796 | Orc:2    | Found a staircase to the Elven Halls.
 19949 | Orc:2    | Received a gift from Okawaru
 19984 | Orc:2    | Found Qemyxiyr's General Store.
 20041 | Orc:2    | Found Moqy's Antique Weapon Emporium.
 20097 | Orc:2    | Found Ikheam's Antique Armour Shoppe.
 20243 | Orc:2    | Bought a scroll of summoning for 114 gold pieces
 20249 | Orc:2    | Found Ynobba's Book Shop.
 20262 | Orc:2    | Found a burning altar of Makhleb.
 20710 | D:13     | Reached skill level 15 in Shields
 20796 | D:13     | Found a gate to the Vaults.
 20828 | D:13     | Acquired the amulet of the Duke {Acrobat rC+ Str+3 Slay+2}
 20965 | D:13     | Received a gift from Okawaru
 21822 | D:14     | Reached skill level 5 in Throwing
 21848 | D:14     | Noticed Roxanne
 22093 | D:15     | Entered Level 15 of the Dungeon
 22377 | D:15     | Received a gift from Okawaru
 22455 | D:15     | Reached XP level 16. HP: 149/150 MP: 26/26
 22721 | D:15     | Found a staircase to the Depths.
 23639 | Spider:1 | Entered Level 1 of the Spider Nest
 23639 | Spider:1 | Noticed Agnes
 23640 | Arena    | Entered the Arena
 23647 | Arena    | Killed Agnes
 23827 | Spider:1 | Reached skill level 5 in Evocations
 23830 | Spider:1 | Received a gift from Okawaru
 24319 | Spider:2 | Noticed Arachne
 24357 | Spider:1 | Killed Arachne
 24922 | Spider:3 | Noticed Louise
 25146 | Spider:3 | Reached skill level 17 in Fighting
 25299 | Spider:3 | Received a gift from Okawaru
 25332 | Spider:3 | HP: 5/155 [demonic crawler (20)]
 25332 | Spider:3 | Mangled by a tarantella

Illustrated notes

Levels and vault maps discovered:
D:1:      saegor_arrival_simple_d, layout_loops_cross, minmay_distorted
D:2:      layout_loops_ring, uniq_robin, uniq_crazy_yiuf_cottage, uniq_sigmund
D:3:      layout_loops_ring, hellmonk_ecumenical_altar_inner_sanctum
D:4:      layout_loops_ring, nicolae_kikubaaqudgha_miasma_corner,
          jmf_multi_god_temple2
D:5:      lemuel_ratsnest, layout_cave_pools, nicolae_yredelemnul_corpse_copse,
          mainiacjoe_overflow_brackets
D:6:      minmay_chambers_of_sixes, layout_loops_ring,
          overflow_temple_1_default, temple_fountains, minivault_27,
          grunt_ministairs_1, minmay_door_square
D:7:      layout_rooms
D:8:      layout_rooms, serial_demonic, serial_demonic_c, serial_demonic_b,
          serial_demonic_a, serial_demonic_b, serial_demonic_b,
          serial_demonic_d, serial_demonic_a, serial_shops,
          nicolae_stop_n_shop_2, enter_bailey_8
D:9:      layout_basic, chequers_temple_overflow_minitemple, dpeg_lair_monsters,
          minmay_hedge_maze, guppyfry_early_elven_hall, uniq_psyche
D:10:     layout_roguey, solitary_fountain, nicolae_transporter_circle,
          uniq_lodul
D:11:     layout_small_grid, enter_trove_5, nrook_campfire, xom_shifter_show
D:12:     layout_stronghold, erik_orc_3, serial_shops, shop
D:13:     layout_basic, ximxim_vaults_locker_room
D:14:     layout_roguey, nrook_mini_backslash, uniq_roxanne
D:15:     grunt_enter_depths_hoard, layout_grid_maze
Temple:   hellmonk_temple_divided_pantheon
Lair:1:   layout_roguey, grunt_megastairs_5, uniq_maggie, uniq_sonja,
          uniq_amaemon, uniq_erica
Lair:2:   layout_loops_ring, nicolae_swamp_entry_spooky,
          spider_nest_entry_web_field, infiniplex_staircase_pool_2
Lair:3:   layout_gridlike, nicolae_quartered_pool_super, beast_lair_carwin_1,
          serial_bayou_shore_a, uniq_nessos
Lair:4:   cheibrodos_magma_flow, layout_small_grid,
          minmay_slime_entry_oklob_open, nicolae_lair_grazing_beasts
          [nicolae_sub_lair_graze_edge, nicolae_sub_lair_graze_edge,
          nicolae_sub_lair_graze_edge, nicolae_sub_lair_graze_edge]
Lair:5:   due_jungle_book, layout_regular_city
Spider:1: layout_spider_delve, hive_lemuel, uniq_agnes
Spider:2: layout_spider_delve, uniq_arachne
Spider:3: lemuel_spider_zombies, uniq_louise
Orc:1:    lemuel_ogre_cave, layout_diamond_mine, lightli_church_of_beogh
Orc:2:    grunt_orc_gardens, layout_diamond_mine, grunt_orc_garden,
          grunt_orc_garden, grunt_orc_garden, grunt_orc_garden, bloody_makhleb

Skill      XL: |  1  2  3  4  5  6  7  8  9 10 11 12 13 14 15 16 |
---------------+-------------------------------------------------+-----
Maces & Flails | 4 5 6 8 9 11 13 14 16 | 16.0
Fighting       | 3 4 5 7 8 10 12 13 15 16 17 | 17.0
Evocations     | 1 2 4 7 |  7.7
Invocations    | 3 6 8 13 14 | 14.0
Shields        | 1 5 9 12 13 16 | 16.9
Armour         | 1 6 8 10 11 | 11.0
Throwing       | 5 |  5.4
Dodging        | |  1.3
Spellcasting   | |  1.7
Conjurations   | |  2.6

Action                     |  1- 3 |  4- 6 |  7- 9 | 10-12 | 13-15 | 16-18 || total
---------------------------+-------+-------+-------+-------+-------+-------++-------
  Melee: Mace              |   134 |    45 |       |       |       |       ||   179
         Unarmed           |    14 |       |       |       |       |       ||    14
         Flail             |       |   184 |   213 |       |       |       ||   397
         Morningstar       |       |       |   204 |   785 |   562 |       ||  1551
         Eveningstar       |       |       |       |       |  1065 |   378 ||  1443
  Throw: Dart              |       |       |    11 |     1 |     2 |       ||    14
         Javelin           |       |       |       |       |     7 |     5 ||    12
 Invoke: Heroism           |       |       |     1 |     9 |    10 |     3 ||    23
         Receive Weapon    |       |       |       |       |     1 |       ||     1
         Receive Armour    |       |       |       |       |     1 |       ||     1
         Finesse           |       |       |       |       |       |     2 ||     2
         Duel              |       |       |       |       |       |     1 ||     1
  Evoke: Wand              |       |     1 |     5 |    23 |    13 |     1 ||    43
    Use: Scroll            |       |     5 |       |    19 |     8 |     3 ||    35
         Potion            |       |     2 |       |     1 |     2 |     2 ||     7
 Armour: Leather armour    |     9 |       |       |       |       |       ||     9
         Ring mail         |     6 |       |       |       |       |       ||     6
         Plate armour      |   161 |   304 |   342 |   180 |       |       ||   987
         Robe              |    18 |       |       |       |       |       ||    18
         Skin              |     1 |       |       |       |       |       ||     1
         Scale mail        |       |       |       |   379 |   543 |       ||   922
         Chain mail        |       |       |       |       |   372 |   360 ||   732
  Dodge: Dodged            |    55 |    50 |    57 |   297 |   613 |   227 ||  1299
  Block: Buckler           |       |    13 |    30 |       |       |       ||    43
         Kite shield       |       |       |    42 |   390 |  1213 |   385 ||  2030

Table legend: (Time is in decaauts)
 A = Elapsed time spent in this place.
 B = Non-inter-level travel time spent in this place.
 C = Inter-level travel time spent in this place.
 D = Time resting spent in this place.
 E = Time spent auto-exploring this place.
 F = Levels seen in this place.
 G = Mean time per level.
                   A        B        C        D        E       F      G
               +--------+--------+--------+--------+--------+-----+--------+
         Total |  25432 |  23983 |   1449 |   1524 |  14510 |  28 |  908.3 |
       Dungeon |  14475 |  13622 |    853 |    500 |   8981 |  15 |  965.0 |
        Temple |     30 |     19 |     11 |      0 |      0 |   1 |   30.0 |
          Lair |   6983 |   6603 |    380 |    613 |   4019 |   5 | 1396.6 |
   Spider Nest |   1718 |   1603 |    115 |    262 |    706 |   3 |  572.7 |
  Orcish Mines |   1582 |   1494 |     88 |     60 |    754 |   2 |  791.0 |
        Bailey |    627 |    627 |      0 |     88 |     49 |   1 |  627.0 |
         Arena |     14 |     14 |      0 |      0 |      0 |   1 |   14.0 |
               +--------+--------+--------+--------+--------+-----+--------+

Top non-repeatable levels by time:
  Lair:5: 1780 daAuts
  Lair:4: 1556 daAuts
    D:15: 1369 daAuts
  Lair:2: 1283 daAuts
  Lair:1: 1273 daAuts
     D:4: 1140 daAuts
     D:1: 1132 daAuts
     D:6: 1107 daAuts
     D:5: 1094 daAuts
  Lair:3: 1088 daAuts
    D:12: 1068 daAuts
     D:9: 1050 daAuts
     D:3: 942 daAuts
     D:8: 898 daAuts
   Orc:1: 892 daAuts
